AoeStats
← Dogga

Hideout

509858226Analyzed
1v1 RM · 2d ago on Sep 28, 2026· 62m 6s· 2 players
Game mode
Random Map
Map size
Tiny (2 player)
Population
200
Speed
Normal
Resources
Standard
Victory
Conquest
Starting age
Dark Age
Ending age
Imperial Age
RankedLock teamsTeams togetherTeam positionsShared explorationLock speedFull tech treeHidden civsTurbo modeCheats
Victory
Defeat
🇪🇸 Khitans · Spain
971
+14
🇦🇺 Berbers · Australia
937
-14
Dogga
10:24 Feudal Age
8:40 Loom
12:26 Double-Bit Axe
16:28 Horse Collar
19:32 Gold Mining
22:37 Castle Age
20:43 Fletching
21:30 Padded Archer Armor
21:50 Stone Mining
22:24 Bloodlines
23:57 Bow Saw
24:25 Gold Shaft Mining
24:17 Bodkin Arrow
24:37 Leather Archer Armor
24:35 Husbandry
25:51 Heavy Plow
27:46 Wheelbarrow
26:56 Town Watch
30:13 Hand Cart
30:28 Kasbah
39:02 Pikeman
42:58 Imperial Age
42:33 Scale Mail Armor
42:43 Forging
43:45 Bracer
44:16 Ring Archer Armor
44:09 Ballistics
44:50 Conscription
46:13 Chemistry
48:36 Masonry
48:43 Maghrebi Camels
Sikboi
11:05 Loom
12:51 Feudal Age
16:10 Forging
20:37 Domestication
20:46 Double-Bit Axe
24:29 Castle Age
23:28 Town Watch
25:52 Thumb Ring
26:38 Husbandry
26:47 Gold Mining
27:35 Ballistics
27:46 Fervor
28:42 Iron Casting
28:02 Fletching
28:30 Padded Archer Armor
30:51 Wheelbarrow
32:19 Heavy Cavalry Archer
33:53 Bow Saw
34:04 Hand Cart
33:52 Town Patrol
34:14 Pastoralism
35:23 Masonry
36:33 Leather Archer Armor
36:14 Bodkin Arrow
40:33 Imperial Age
41:40 Conscription
42:42 Chemistry
42:10 Ordo Cavalry
43:01 Bracer
44:03 Ordo Cavalry
44:36 Ring Archer Armor
44:39 Elite Skirmisher
45:50 Parthian Tactics
46:23 Lamellar Armor
51:34 Light Cavalry
53:04 Hussar
53:53 Scale Barding Armor
55:21 Chain Barding Armor
61:29 Transhumance
Connection lost

Rejoining the realm…

Still unreachable

The connection could not be restored.

Session expired

The server has moved on; the page needs a fresh start.